Cogmind - Beta 12 @@@ ROGUE MODE // 2023.07.29 @ 18:04:09 Player: Raix Result: Destroyed by X-57 Shotgunner with High-powered Shotgun Performance ------------- Evolutions (3) 1500 Regions Visited (8) 1600 Robots Destroyed (113) 565 Value Destroyed (1638) 1638 Prototype IDs (5) 100 Alien Tech Used (0) 0 Bonus (961) 961 TOTAL SCORE: 6364 Bonus ------- Follower Combat Kills 181 Entered DSFs 500 Aligned with FarCom 300 Friendly Fire -20 Cogmind --------- Core Integrity 0/700 Matter 300/300 Energy 100/100 System Corruption 0% Temperature Cool (9) Movement Core (1350) Ox26 Location -7/DSF Parts ------- > --- POWER (2) -------- (None) > --- PROPULSION (5) --- (None) > --- UTILITY (4) ------ Huge Storage Unit Advanced Visual Processing Unit Signal Interpreter > --- WEAPON (2) ------- (None) > --- INVENTORY (25) --- Heat Sink Improved Heat Sink Advanced Heat Sink Large Storage Unit High-capacity Storage Unit Medium Battery (150) Large Matter Pod (133) Improved Sensor Array Improved Terrain Scanner Seismic Detector ECM Suite Hacking Suite Skeleton Box Decoy Drone Bay Datajack Peak State ------------ > --- POWER ------------ Deuterium Engine > --- PROPULSION ------- Medium Treads Medium Treads Medium Treads Medium Treads Flexi-carbon Leg > --- UTILITY ---------- Huge Storage Unit Advanced Visual Processing Unit Signal Interpreter Improved Terrain Scanner > --- WEAPON ----------- Precision Assault Rifle Precision Assault Rifle > --- INVENTORY -------- Advanced Treads Heat Sink Improved Heat Sink Advanced Heat Sink Large Storage Unit High-capacity Storage Unit Medium Battery Large Matter Pod Large Matter Pod Improved Sensor Array Seismic Detector ECM Suite Hacking Suite Skeleton Box Decoy Drone Bay Heavy Machine Gun Datajack [Rating: 47] Favorites ----------- Power Light Ion Engine Engine Light Ion Engine Power Core Light Nuclear Core Propulsion Aluminum Leg Treads Medium Treads Leg Aluminum Leg Wheel Compact Wheel Utility Improved Terrain Scanner Device Improved Terrain Scanner Storage High-capacity Storage Unit Processor Transport Network Coupler Weapon Small Laser Energy Gun Small Laser Ballistic Gun Light Assault Rifle Launcher Mini Grenade Launcher Build | -11 -10 -9 -9 -9 -8 -8 -7 -7 ------- Run | Jun Mat Mat Min Exi Min Mat Fac DSF Slots Evolved 6 | . . 2 . . . 2 2 . Power 1 | . . . . . . . 1 . Propulsion 3 | . . 2 . . . . 1 . Utility 2 | . . . . . . 2 . . Weapon . | . . . . . . . . . Parts Attached 83 | 11 5 7 9 . 7 29 . 15 Power 13 | 4 1 1 1 . 1 4 . 1 Engine 9 | 4 1 1 1 . 1 . . 1 Core 4 | . . . . . . 4 . . Reactor . | . . . . . . . . . Propulsion 28 | 2 2 3 4 . 5 7 . 5 Treads 4 | . . . . . . . . 4 Leg 13 | 2 2 3 . . . 5 . 1 Wheel 11 | . . . 4 . 5 2 . . Hover . | . . . . . . . . . Flight . | . . . . . . . . . Utility 21 | 2 2 2 3 . . 9 . 3 Device 10 | 1 1 1 1 . . 6 . . Storage 8 | 1 1 1 1 . . 2 . 2 Processor 3 | . . . 1 . . 1 . 1 Hackware . | . . . . . . . . . Protection . | . . . . . . . . . Artifact . | . . . . . . . . . Weapon 21 | 3 . 1 1 . 1 9 . 6 Energy Gun 3 | 2 . 1 . . . . . . Energy Cannon . | . . . . . . . . . Ballistic Gun 17 | . . . 1 . 1 9 . 6 Ballistic Cannon . | . . . . . . . . . Launcher 1 | 1 . . . . . . . . Special Weapon . | . . . . . . . . . Impact Weapon . | . . . . . . . . . Slashing Weapon . | . . . . . . . . . Piercing Weapon . | . . . . . . . . . Special Melee Weapon . | . . . . . . . . . Unidentified Prototypes 3 | . . 1 . . . 2 . . Parts Lost 27 | . . 10 . . . 4 . 13 Power 5 | . . 2 . . . 1 . 2 Propulsion 12 | . . 4 . . . 3 . 5 Utility 3 | . . 1 . . . . . 2 Weapon 7 | . . 3 . . . . . 4 Highest Loss Streak 9 | . . 6 . . . 1 . 9 To Critical Strikes . | . . . . . . . . . Average Slot Usage (%) 84 | . 100 88 55 88 99 89 62 69 Engine 8 | . 14 9 5 11 11 1 . 5 Core 1 | . . . . . . 6 7 . Leg 15 | . 28 35 . . . 18 23 10 Wheel 16 | . . . 23 44 44 13 . . Device 8 | . 14 10 . . . 17 15 4 Storage 11 | . 14 11 11 11 11 9 7 10 Processor 5 | . . . 5 11 11 8 7 12 Energy Gun 9 | . 28 21 . . . . . . Ballistic Gun 7 | . . . 9 11 21 13 1 8 Naked Turns . | . . . . . . . . . Heaviest Build 100 | 11 46 46 44 44 47 57 47 100 Greatest Support 112 | 20 20 40 58 58 58 58 39 112 Greatest Overweight (x) 30 | . 2 7 6 . . 2 1 30 Average Overweight (x) . | . . . 1 . . . 1 1 Largest Inventory Capacity 25 | 8 20 20 20 20 20 20 20 25 Average Capacity 14 | 7 14 16 16 20 20 20 20 23 Most Carried 20 | 8 20 19 20 20 20 20 20 20 Average Carried 12 | 5 12 15 15 19 19 19 19 17 Final Capacity 25 | 8 20 15 20 20 20 20 20 25 Final Carried 20 | 8 20 15 20 20 20 18 20 16 Class Distribution -------------------- 51% | Mutant 39% | Scavenger-Mutant 6% | Scavenger-Skirmisher Dominant Class ---------------- Scavenger-Mutant | -10/Materials Scavenger-Mutant | -9/Materials Scavenger-Mutant | -9/Mines Scavenger-Mutant | -9/Exiles Scavenger-Mutant | -8/Mines Scavenger-Skirmisher | -8/Materials Scavenger-Mutant | -7/Factory Mutant | -7/DSF Resources | -11 -10 -9 -9 -9 -8 -8 -7 -7 ----------- Run | Jun Mat Mat Min Exi Min Mat Fac DSF Matter Collected 1794 | 327 60 55 171 41 170 876 . 94 Remotely 11 | . . . . . . 11 . . Salvage Created 3848 | 221 891 705 507 . 127 1226 . 171 Parts 255 | 23 55 51 19 . 16 78 . 13 Haulers Intercepted 1 | . . 1 . . . . . . Recyclers Shooed 13 | . 3 2 5 . 2 1 . . Parts Field Recycled . | . . . . . . . . . Retrieved Matter . | . . . . . . . . . Parts Self-Destructed . | . . . . . . . . . Prevented . | . . . . . . . . . Kills | -11 -10 -9 -9 -9 -8 -8 -7 -7 ------- Run | Jun Mat Mat Min Exi Min Mat Fac DSF Combat Hostiles Destroyed 35 | 1 7 8 . . . 15 . 4 Guns 34 | . 7 8 . . . 15 . 4 AOE 1 | 1 . . . . . . . . Classes Destroyed 14 | 3 7 2 . . . 1 . 1 Worker 33 | 3 9 4 5 . 5 7 . . Builder 4 | . 2 . . . . 2 . . Tunneler 12 | 8 1 . 1 . 2 . . . Hauler 1 | . . 1 . . . . . . Recycler 18 | . 4 4 5 . . 5 . . Mechanic 1 | . 1 . . . . . . . Operator 3 | . 1 1 . . . 1 . . Watcher 6 | . 2 2 . . . 2 . . Swarmer 12 | . 3 4 . . . 3 . 2 Grunt 15 | . 4 1 . . . 10 . . Sentry 5 | . . 3 . . . 1 . 1 Demolisher 1 | 1 . . . . . . . . Specialist 1 | . . . . . . . . 1 Hunter 1 | . . . . . . 1 . . Best Kill Streak 10 | 3 9 6 2 . 3 10 . 3 Combat Bots Only 4 | 1 3 4 . . . 3 . 3 Max Kills in Single Turn 2 | 1 1 1 1 . 1 2 . 1 Gunslinging . | . . . . . . . . . Exploded 1 | 1 . . . . . . . . Melee . | . . . . . . . . . Uniques/NPCs Destroyed . | . . . . . . . . . Combat | -11 -10 -9 -9 -9 -8 -8 -7 -7 -------- Run | Jun Mat Mat Min Exi Min Mat Fac DSF Damage Taken 4358 | 24 195 757 24 . . 1253 . 2105 Core 1084 | . 52 144 . . . 183 . 705 Absorbed by Shields 98 | . . . . . . . . 98 Regen/Repaired (Parts) 4 | . . 4 . . . . . . Core Remaining (%) 77 | 100 79 . . . 64 66 . . Volleys Fired 379 | 25 105 56 84 . 18 69 . 22 Largest 2 | 2 2 2 1 . 2 2 . 2 Hottest 85 | 80 80 85 20 . 40 56 . 58 Shots Fired 663 | 49 210 112 84 . 36 138 . 34 Gun 662 | 48 210 112 84 . 36 138 . 34 Cannon . | . . . . . . . . . Launcher 1 | 1 . . . . . . . . Special . | . . . . . . . . . Kinetic 292 | . . . 84 . 36 138 . 34 Thermal 358 | 48 210 100 . . . . . . Explosive 1 | 1 . . . . . . . . Electromagnetic 12 | . . 12 . . . . . . Robot Hit Streak 19 | 5 6 19 10 . 8 15 . 14 Robot Miss Streak 4 | 3 4 4 3 . 3 3 . 1 Penetration Max . | . . . . . . . . . Secondary Targets 7 | . . . . . . 4 . 3 Max Gunslinging Chain 1 | . . . . . . 1 . 1 Shots Hit Robots 409 | 27 106 69 57 . 23 98 . 29 Core Hits 187 | 12 41 33 27 . 16 48 . 10 Critical Kills 1 | . . . . . . 1 . . Critical Parts Destroyed 1 | . . . . . . . . 1 Critical Strikes 2 | . . . . . . 1 . 1 Destroy 2 | . . . . . . 1 . 1 Melee Attacks . | . . . . . . . . . Impact . | . . . . . . . . . Slashing . | . . . . . . . . . Piercing . | . . . . . . . . . Sneak Attacks . | . . . . . . . . . Combat Hostiles . | . . . . . . . . . Follow-up Attacks . | . . . . . . . . . Damage Inflicted 5728 | 302 1247 855 503 . 199 1971 . 651 Guns 5622 | 295 1247 855 454 . 199 1926 . 646 Cannons . | . . . . . . . . . Explosions 7 | 7 . . . . . . . . Melee . | . . . . . . . . . Ramming 99 | . . . 49 . . 45 . 5 Kinetic 3225 | . . . 454 . 199 1926 . 646 Thermal 2223 | 295 1247 681 . . . . . . Explosive 7 | 7 . . . . . . . . Electromagnetic 174 | . . 174 . . . . . . Impact . | . . . . . . . . . Slashing . | . . . . . . . . . Piercing . | . . . . . . . . . Highest Corruption 1 | . . . 1 1 1 . . . Average Corruption 1 | . . . 1 1 1 . . . Corruption Purged . | . . . . . . . . . Corruption Blocked . | . . . . . . . . . Effects 14 | . . . 3 6 5 . . . Message Errors 2 | . . . . 1 1 . . . Matter Fused 8 | . . . 1 5 2 . . . Heat Flow Errors 1 | . . . 1 . . . . . Energy Discharges 1 | . . . . . 1 . . . Data Loss (minor) 2 | . . . 1 . 1 . . . Overload Shots . | . . . . . . . . . Overflow Damage . | . . . . . . . . . Projectiles . | . . . . . . . . . Explosions . | . . . . . . . . . Melee . | . . . . . . . . . Knockbacks . | . . . . . . . . . Impact . | . . . . . . . . . Kinetic . | . . . . . . . . . Secondary . | . . . . . . . . . Self-Inflicted Damage 40 | . . . 24 . . 16 . . Shots . | . . . . . . . . . Rammed 6 | . . . 4 . . 1 . 1 Targets Rammed 9 | . . . 4 . . 4 . 1 Kicked 3 | . . . . . . 3 . . Crushed . | . . . . . . . . . Highest Temperature 358 | 72 358 117 111 . . 33 . 18 Average Temperature 52 | 25 73 24 65 . . 13 . 18 Received Heat Transfer 1125 | . 66 330 . . . 459 . 270 Effects 1 | . 1 . . . . . . . Shutdowns 1 | . 1 . . . . . . . Siege Activations . | . . . . . . . . . Robots Corrupted . | . . . . . . . . . Combat Hostiles . | . . . . . . . . . Parts Fried . | . . . . . . . . . Impact Corruptions . | . . . . . . . . . Robots Melted . | . . . . . . . . . Combat Hostiles . | . . . . . . . . . Parts Melted 5 | 2 2 1 . . . . . . Heat Transferred 5025 | 675 2825 1525 . . . . . . Parts Sabotaged . | . . . . . . . . . Parts Stolen . | . . . . . . . . . Parts Stripped . | . . . . . . . . . Power Chain Reactions . | . . . . . . . . . Missiles Intercepted . | . . . . . . . . . Alert | -11 -10 -9 -9 -9 -8 -8 -7 -7 ------- Run | Jun Mat Mat Min Exi Min Mat Fac DSF Peak Influence 333 | 40 232 214 95 . 96 333 125 117 Initial 125 | . . . 31 . . 12 125 87 Average 53 | 5 48 106 37 . 49 177 125 68 Maximum Alert Level 1 | . 1 1 . . . 1 . . Low Security (%) 93 | 100 96 97 100 . 100 54 100 100 Level 1 6 | . 3 2 . . . 45 . . Level 2 . | . . . . . . . . . Level 3 . | . . . . . . . . . Level 4 . | . . . . . . . . . Level 5 . | . . . . . . . . . High Security . | . . . . . . . . . Max Security . | . . . . . . . . . Squads Dispatched 9 | . 2 2 . . . 3 . 2 Investigation 1 | . 1 . . . . . . . Extermination . | . . . . . . . . . Reinforcement 8 | . 1 2 . . . 3 . 2 Assault . | . . . . . . . . . Garrison . | . . . . . . . . . Intercept . | . . . . . . . . . Searches Triggered . | . . . . . . . . . Construction Impeded . | . . . . . . . . . Haulers Reinforced . | . . . . . . . . . Active Scanning Responses . | . . . . . . . . . Cargo Convoy Interrupts . | . . . . . . . . . Stealth | -11 -10 -9 -9 -9 -8 -8 -7 -7 --------- Run | Jun Mat Mat Min Exi Min Mat Fac DSF Distress Signals 7 | . . 2 . . . 5 . . Communications Jammed . | . . . . . . . . . Distress Signals . | . . . . . . . . . Times Spotted 100 | 1 19 24 1 . 3 38 . 14 Peak Tracking Total 8 | 1 4 5 1 . 3 5 . 8 Tactical Retreats 3 | . . 1 . . . 1 . 1 Traps | -11 -10 -9 -9 -9 -8 -8 -7 -7 ------- Run | Jun Mat Mat Min Exi Min Mat Fac DSF Traps Triggered 1 | . . . . . . . . 1 Indirectly . | . . . . . . . . . Trap Hack Attempts . | . . . . . . . . . Triggered . | . . . . . . . . . Disarmed . | . . . . . . . . . Reprogrammed . | . . . . . . . . . Reused . | . . . . . . . . . Traps Extracted . | . . . . . . . . . Installed . | . . . . . . . . . Triggered . | . . . . . . . . . Machines | -11 -10 -9 -9 -9 -8 -8 -7 -7 ---------- Run | Jun Mat Mat Min Exi Min Mat Fac DSF Machines Disabled 1 | . . . . . . 1 . . Max in Single Turn 1 | . . . . . . 1 . . Machines Repaired . | . . . . . . . . . Machines Sabotaged . | . . . . . . . . . Overloaded Fab Kills . | . . . . . . . . . Hacking | -11 -10 -9 -9 -9 -8 -8 -7 -7 --------- Run | Jun Mat Mat Min Exi Min Mat Fac DSF Machines Accessed 17 | . 6 2 1 4 . 2 2 . Terminals 7 | . 4 . . . . 2 1 . Fabricators . | . . . . . . . . . Repair Stations 2 | . 1 1 . . . . . . Recycling Units 1 | . 1 . . . . . . . Scanalyzers 2 | . . 1 . . . . 1 . Garrison Access . | . . . . . . . . . Total Hacks 85 | . 20 7 1 49 . 5 3 . Successful 66 | . 8 4 1 49 . 3 1 . Failed 19 | . 12 3 . . . 2 2 . Catastrophic 1 | . 1 . . . . . . . Database Lockouts . | . . . . . . . . . Manual 3 | . . . . 3 . . . . Terminals 18 | . 12 . . . . 5 1 . Fabricators . | . . . . . . . . . Repair Stations 9 | . 4 5 . . . . . . Recycling Units 4 | . 4 . . . . . . . Scanalyzers 4 | . . 2 . . . . 2 . Garrison Access . | . . . . . . . . . Terminal Hacks 59 | . 5 . 1 49 . 3 1 . Record 51 | . 1 . . 49 . 1 . . Prototype ID Bank 1 | . 1 . . . . . . . Open Door 1 | . . . 1 . . . . . Open DSF 1 | . . . . . . . 1 . Surveillance Status 1 | . . . . . . 1 . . Investigation Status 1 | . 1 . . . . . . . Assault Status 1 | . 1 . . . . . . . Zone Layout 2 | . 1 . . . . 1 . . Fabricator Hacks . | . . . . . . . . . Repair Station Hacks 4 | . 2 2 . . . . . . Scan Component 3 | . 2 1 . . . . . . Repair 1 | . . 1 . . . . . . Recycling Unit Hacks 1 | . 1 . . . . . . . Retrieve Components 1 | . 1 . . . . . . . Scanalyzer 2 | . . 2 . . . . . . Insert Component 1 | . . 1 . . . . . . Analyze 1 | . . 1 . . . . . . Garrison Access Hacks . | . . . . . . . . . Unauthorized Hacks . | . . . . . . . . . Terminals . | . . . . . . . . . Fabricators . | . . . . . . . . . Repair Stations . | . . . . . . . . . Recycling Units . | . . . . . . . . . Scanalyzers . | . . . . . . . . . Garrison Access . | . . . . . . . . . Data Cores Recovered . | . . . . . . . . . Used . | . . . . . . . . . Hacking Detections 10 | . 6 1 . . . 2 1 . Full Trace Events 1 | . 1 . . . . . . . Feedback Events . | . . . . . . . . . Feedback Blocked . | . . . . . . . . . Robot Schematics Acquired . | . . . . . . . . . Robots Built . | . . . . . . . . . Authchips . | . . . . . . . . . Time . | . . . . . . . . . Total Robot Build Rating . | . . . . . . . . . Part Schematics Acquired 1 | . . 1 . . . . . . Parts Built . | . . . . . . . . . Authchips . | . . . . . . . . . Time . | . . . . . . . . . Total Part Build Rating . | . . . . . . . . . Parts Repaired 1 | . . 1 . . . . . . Time 26 | . . 26 . . . . . . Parts Recycled . | . . . . . . . . . Recycled Matter . | . . . . . . . . . Retrieved Matter . | . . . . . . . . . Retrieved Components 10 | . 10 . . . . . . . Parts Scanalyzed 1 | . . 1 . . . . . . Part Schematics Acquired 1 | . . 1 . . . . . . Parts Damaged . | . . . . . . . . . Bothacking | -11 -10 -9 -9 -9 -8 -8 -7 -7 ------------ Run | Jun Mat Mat Min Exi Min Mat Fac DSF Used RIF Installer . | . . . . . . . . . Robots Hacked . | . . . . . . . . . Non-combat . | . . . . . . . . . Combat . | . . . . . . . . . Robot Hacks Applied . | . . . . . . . . . Relay Couplers Released . | . . . . . . . . . Fabnet Peak Effective % . | . . . . . . . . . Robots Rewired . | . . . . . . . . . Allies Hacked . | . . . . . . . . . Hacks Repelled . | . . . . . . . . . Allies | -11 -10 -9 -9 -9 -8 -8 -7 -7 -------- Run | Jun Mat Mat Min Exi Min Mat Fac DSF Total Allies 5 | . . . 5 . . . . . Largest Group 5 | . . . 5 5 3 2 . . Highest-Rated Group 87 | . . . 87 87 40 24 . . Highest-Rated Ally 31 | . . . 31 31 16 16 . . Total Orders . | . . . . . . . . . Ally Attacks 45 | . . . 11 . 16 18 . . Total Damage 526 | . . . 119 . 194 213 . . Kills 7 | . . . 2 . 3 2 . . Allies Corrupted . | . . . . . . . . . Allies Melted . | . . . . . . . . . Intel | -11 -10 -9 -9 -9 -8 -8 -7 -7 ------- Run | Jun Mat Mat Min Exi Min Mat Fac DSF Robot Analysis Total . | . . . . . . . . . Derelict Logs Recovered 1 | . . . 1 . . . . . Drone Launches . | . . . . . . . . . Drone Recoveries . | . . . . . . . . . Exploration | -11 -10 -9 -9 -9 -8 -8 -7 -7 ------------- Run | Jun Mat Mat Min Exi Min Mat Fac DSF Turns Passed 8805 | 2918 1510 731 1242 746 451 960 60 187 Spaces Moved 4414 | 1066 652 300 641 725 394 556 33 47 Core 172 | 18 . 2 151 . . . . 1 Treads 31 | . . . . . . . . 31 Legs 2335 | 1048 652 298 . . . 289 33 15 Wheels 1876 | . . . 490 725 394 267 . . Hover . | . . . . . . . . . Flight . | . . . . . . . . . Fastest Speed 50 | 50 120 120 93 95 90 93 183 160 Average Speed 130 | 118 176 163 155 95 94 111 183 206 Slowest Speed 1550 | 120 260 400 350 95 95 270 183 1550 Overloaded Moves . | . . . . . . . . . Propulsion Burnouts . | . . . . . . . . . Robots Hopped . | . . . . . . . . . Cave-ins Triggered . | . . . . . . . . . Exploration Rate (%) 57 | 99 45 25 82 93 86 50 1 34 Regions Visited 8 Branch Regions 3 Pre-discovered Areas 1 | . . . . 1 . . . . Known Exits Taken 1 | . . . . . . . 1 . Unknown Exits Taken 7 | 1 1 1 1 1 1 1 . . Scrap Searched 3 | . . . 2 . 1 . . . Spaces Dug . | . . . . . . . . . Terrain Destroyed 14 | 14 . . . . . . . . Melee . | . . . . . . . . . Projectile . | . . . . . . . . . AOE 14 | 14 . . . . . . . . Terrain Rammed . | . . . . . . . . . Walls Destroyed . | . . . . . . . . . Machines Disabled . | . . . . . . . . . Actions | -11 -10 -9 -9 -9 -8 -8 -7 -7 --------- Run | Jun Mat Mat Min Exi Min Mat Fac DSF Total 6885 | 2672 814 433 824 783 446 774 34 105 Wait 1791 | 1546 13 56 63 32 13 63 . 5 Move 4406 | 1065 651 299 640 724 393 555 32 47 Hop . | . . . . . . . . . Pick Up 113 | 19 26 9 17 3 8 23 . 8 Fast Attach 2 | . . . . . . 2 . . Attach 58 | 9 . 6 8 . 1 19 . 15 Detach 17 | 2 . 1 1 . . 7 2 4 Swap 23 | 2 5 1 1 . 6 8 . . Drop 66 | 4 14 5 6 3 7 24 . 3 Fire 379 | 25 105 56 84 . 18 69 . 22 Melee . | . . . . . . . . . Ram 5 | . . . 4 . . 1 . . Kick 3 | . . . . . . 3 . . Crush 1 | . . . . . . . . 1 Escape Stasis . | . . . . . . . . . Rewire 21 | . . . . 21 . . . . Trap . | . . . . . . . . . Miscellaneous . | . . . . . . . . . Route ------- -11/Junkyard -10/Materials -9/Materials -9/Mines (discovered 3 exits: *Mat x2 / *Exi) -9/Exiles (discovered 2 exits: [*Min x2]) -8/Mines (discovered 2 exits: *Mat x2) -8/Materials -7/Factory -7/DSF History --------- Turn | Location | Event 4 | -11/Junkyard | Discovered new exit (range 15) 1632 | -11/Junkyard | Assembled infested the area 2919 | -11/Junkyard | Entered Materials 2920 | -10/Materials | Build established: Mutant 3311 | -10/Materials | Discovered new exit (range 8) 3884 | -10/Materials | Build established: Scavenger-Mutant 4429 | -10/Materials | Entered another Materials area 4429 | -9/Materials | Evolved 2 slots: Propulsion x2 4467 | -9/Materials | Repaired Aluminum Leg 5114 | -9/Materials | Discovered new exit (range 12) 5160 | -9/Materials | Entered Mines 5190 | -9/Mines | Lost 6 parts (1p2n1u2w) 5219 | -9/Mines | Build established: Mutant 5276 | -9/Mines | Discovered new exit (range 8) 5483 | -9/Mines | Deemed a non-threat by the Exiles lab entrance 5487 | -9/Mines | Discovered new exit (range 5) 5781 | -9/Mines | Assisted by bots powering up and referring to "LRC-V3" 5839 | -9/Mines | Discovered new exit (range 12) 6031 | -9/Mines | Build established: Scavenger-Mutant 6051 | -9/Mines | Found the Drone Emporium 6059 | -9/Mines | Found Prototype Device 6402 | -9/Mines | Entered Exiles 6402 | -9/Exiles | Accompanied by 5 allies 6416 | -9/Exiles | Discovered new exit (range 15) 6428 | -9/Exiles | Met 8R-AWN 6432 | -9/Exiles | Led the pair of lost Derelicts to a safe place 6466 | -9/Exiles | Met EX-HEX 6531 | -9/Exiles | Met EX-BIN 6552 | -9/Exiles | Aligned with FarCom system 6552 | -9/Exiles | Given EX-Vault access code 6703 | -9/Exiles | Opened EX-Vault 6710 | -9/Exiles | Found Prototype Device 6729 | -9/Exiles | Warned to stay clear of 0b10 Research branches 6757 | -9/Exiles | Met EX-DEC 6763 | -9/Exiles | Learned location of Zion (-6) 6837 | -9/Exiles | Visited The Gauntlet 7111 | -9/Exiles | Discovered new exit (range 10) 7148 | -9/Exiles | Left Exiles lab with Skeleton Box 7148 | -9/Exiles | Entered Mines 7148 | -8/Mines | Accompanied by 3 allies 7463 | -8/Mines | Discovered new exit (range 11) 7529 | -8/Mines | Discovered new exit (range 7) 7599 | -8/Mines | Entered Materials 7599 | -8/Materials | Accompanied by 2 allies 7599 | -8/Materials | Evolved 2 slots: Utility x2 7930 | -8/Materials | Identified Skeleton Box 8533 | -8/Materials | Discovered new exit (range 15) 8559 | -8/Materials | Entered Factory 8559 | -7/Factory | Evolved 2 slots: Power x1, Propulsion x1 8619 | -7/Factory | Identified exit to DSF 8619 | -7/Factory | Entered DSF 8660 | -7/DSF | Lost 4 parts (1p1n1u1w) 8671 | -7/DSF | Additional patrols routed to DSF 8791 | -7/DSF | Core integrity fell below 50% 8801 | -7/DSF | Core integrity fell below 20% 8806 | -7/DSF | Destroyed by X-57 Shotgunner with High-powered Shotgun Last Messages --------------- 08782_ Flexi-carbon Leg destroyed. 08786_ Med. Treads destroyed. 08786_ G-47 Trooper suffers critical hit (Destroy). 08786_ Destroyed Lgt. Nuclear Core. 08786_ Critical hit (Burn: +37). 08788_ Slammed into S-27 Virus. 08788_ S-27 Virus destroyed. 08788_ Hvy. Machine Gun destroyed. 08788_ Med. Treads destroyed. 08790_ G-47 Trooper destroyed. 08792_ Acquired 4 matter. 08792_ Triggered Stasis Trap. 08792_ A bubble of rippling energy engulfs the area. 08792_ Field strength at 94. 08792_ Deuterium Engine destroyed. 08795_ S-27 Virus Autogun blasted off. 08795_ S-27 Virus knocked back. 08796_ Lrg. Matter Pod destroyed. 08800_ Stasis field depleted. 08805_ G-47 Trooper knocked back. Map ----- +----------------------------------------------------+ | ??????????????????????????????????? | | ??????????????????????????????????? | | ??????????????????????????????????? | | ??????????????????????????????????? | | ??????????????????????????????????? | | ??????????????????????????????????? | | ??????????????????????????????????? | | ??????????????????????????????????? | | ??????????????????????????????????? | | ??????????????????????????????????? | | ??????????????????????????????????? | | ????????????????????#?????????????? | | ??????????????????????????????????? | | ??????????????????????????????????? | | ??????######?####??##?????????????? | | ??????#!! #? #?!!#?????##??????? | | ??????#!! ## #!!!## ##?????? | | ?????##!!% ???? | | ?#???#"!![% ???? | | ??????#!!*%=% ???? | | ???#??#!!=%=[]]]#===##????????????? | | ??????#!![!;#??]#?????#???????????? | | ??????###H!###?#??????#???????????? | | ?#????##% %% #???????? ???????????? | | ?#????#; gg![#????????????????????? | | ??????## @x #????????????????????? | | ???????## x###?????#??????????????? | | ???????#= ==##???????????????????? | | ???????#= ==#????????????????????? | | ???????## ######?###???????#?????? | | ??????### !###= #===#?????????????? | | ???####"" ## =#===### ##??????? | | ???#""""" ! | | ???#"##"" s | | ??????#"%"" ##==# # !!#[[[#?? | | ????#?#%""""#########?? !!#?????? | | #?????####"##????????????####?????? | | ?#?????#?#"#??????????????????????? | | ????#????""#??????????????#???????? | | ????##??####??????#???????????????? | | #??#?????????????????#????????????? | | ??????????????????????????????????? | | ??????????????????????????????????? | | ??????????????????????????????????? | | | | | | | | | | | | | +----------------------------------------------------+ Best States ------------- Heat Dissipation 34 Energy Generation 14 Energy Capacity 275 Matter Stores 359 Matter Capacity 450 Sight Range 20 Robot Scan Range 15 Terrain Scan Range 16 Terrain Scan Density 10 Evasion (%) 55 Recoil Reduction 4 Item Schematics ----------------- Imp. Terrain Scanner | -9/Materials | Scanalyzed Robot Schematics ------------------ None Fabricated ------------ Nothing Alien Tech Used ----------------- None Achievements -------------- None Challenges ------------ None Game ------ Seed FactoryAntimissileBoregun Manual? 0 Play Time 01:09:44 Cumulative 13.6 hours Start 2023.07.29 @ 14:20:30 End 2023.07.29 @ 18:04:09 Sessions 1 Manual Loads 0 Difficulty Rogue Special Mode None Game No. 12 Rogue 12 Adventurer 0 Explorer 0 Win Type - Total 0 Types 0/0/0/0/0/0/0/0/0 Lore% 18 Gallery% 20 Achievement% 24 Wizard Run 0 Options --------- ASCII 0 Keyboard 0 Movement Numpad Keybinds 0 Fullscreen 1 Font 18/SmallcapsGlow Map View 76x50 Tactical HUD 1 Map Filters NONE Filters NONE Steam 1 RUN: 252d0193-9c12-45f3-8a8f-216cda73c2ad